 Dungeon Crawl Stone Soup version 0.30-a0-374-g95c0257040 (webtiles) character file.

Game seed: 8732915349348137170

63 Sabo the Digger (level 4, 0/27 HPs)
             Began as an Octopode Earth Elementalist on Nov 25, 2022.
             Was a Follower of Dithmenos.
             Slain by an orc
             ... wielding a +1 flail of protection
              (8 damage)
             ... on level 3 of the Dungeon.
             The game lasted 00:13:43 (2366 turns).

Sabo the Digger (Octopode Earth Elementalist)       Turns: 2366, Time: 00:13:44

Health: 0/27       AC:  1    Str:  7    XL:     4   Next: 9%
Magic:  2/8        EV: 13    Int: 19    God:    Dithmenos [*.....]
Gold:   147        SH:  0    Dex: 12    Spells: 7/8 levels left

rFire   . . .      SeeInvis +    e - +0 quarterstaff
rCold   . . .      Faith    .    (shield currently unavailable)
rNeg    . . .      Spirit   .    (helmet restricted)
rPois   .          Reflect  .    (no amulet)
rElec   .          Harm     .    f - ring of see invisible
rCorr   .          Rampage  .    h - ring of willpower
Will    +....                    (no ring)
Stlth   ++++......               (no ring)
HPRegen 0.24/turn                (no ring)
MPRegen 0.11/turn                (no ring)
                                 (no ring)
                                 (no ring)

@: wreathed by umbra
A: almost no armour, amphibious, 8 rings, camouflage 1, gelatinous body 1,
(nimble swimmer 1), tentacles
a: Renounce Religion


You were on level 3 of the Dungeon.
You worshipped Dithmenos.
Dithmenos was aware of your devotion.
You visited 1 branch of the dungeon, and saw 3 of its levels.

You collected 147 gold pieces.

Inventory:

Hand Weapons
 e - a +0 quarterstaff (weapon)
 g - a +0 hand axe
Missiles
 j - 5 poisoned darts (quivered)
Jewellery
 f - a ring of see invisible (left tentacle)
 h - a ring of willpower (right tentacle)
Scrolls
 c - a scroll of enchant weapon
Potions
 a - a potion of magic
 b - a potion of resistance
 d - 2 potions of brilliance
 i - a potion of haste


   Skills:
 + Level 0.1 Fighting
 + Level 2.2 Dodging
 + Level 3.2 Stealth
 + Level 2.7 Spellcasting
 + Level 1.0 Transmutations
 + Level 3.9 Earth Magic


You had 7 spell levels left.
You knew the following spells:

 Your Spells              Type           Power      Damage    Failure   Level
a - Sandblast             Erth           34%        2d9       3%          1

Your spell library contained the following spells:

 Spells                   Type           Power      Damage    Failure   Level
 Passwall                 Tmut/Erth      10%        N/A       9%          2
 Stone Arrow              Conj/Erth      20%        3d8       22%         3
 Petrify                  Tmut/Erth      12%        N/A       50%         4


Dungeon Overview and Level Annotations

Branches:
Dungeon (3/15)

Altars:
Dithmenos

Shops:
D:2 [


Innate Abilities, Weirdness & Mutations

You cannot wear most types of armour.
You are amphibious.
You can wear up to eight rings at the same time.
Your skin changes colour to match your surroundings (Stealth+).
Your rubbery body absorbs attacks. (AC +1, EV +1)
((You are camouflaged when in or above water. (Stealth+)))
You have tentacles for arms and can constrict up to eight enemies at once.


Message History

Press: ? - help, Shift-Dir - straight line, f/p - orc wizard
Aim: an orc wizard, wielding a +0 dagger and wearing a +0 robe (severely wounded, umbra, 77% to hit)
The blast of sand hits the orc wizard.
The orc wizard is almost dead.
The orc wizard mumbles some strange words.
The orc wizard flickers and vanishes for a moment.
The orc closely misses you. The orc misses you.
The orc hits you with a +0 whip.
* * * LOW HITPOINT WARNING * * *
The orc attacks as you move away! The orc closely misses you.
You barely miss the orc. Your grab misses the orc. Your squeeze misses the orc.
You hit the orc wizard but do no damage.
You grab the orc wizard. You squeeze the orc wizard.
You kill the orc wizard!
Dithmenos accepts your kill.
You have reached level 4!
Casting: Sandblast (safe; 3% risk of failure)
Confirm with . or Enter, or press ? or * to list all spells.
Aiming: Sandblast (safe; 3% risk of failure)
Press: ? - help, Shift-Dir - straight line, f - orc
Aim: an orc, wielding a +1 flail of protection and wearing a +0 leather armour (umbra, 82% to hit)
The blast of sand hits the orc but does no damage.
The orc closely misses you. x2
Casting: Sandblast (safe; 3% risk of failure)
Confirm with . or Enter, or press ? or * to list all spells.
Aiming: Sandblast (safe; 3% risk of failure)
Press: ? - help, Shift-Dir - straight line, f/p - orc
Aim: an orc, wielding a +1 flail of protection and wearing a +0 leather armour (umbra, 82% to hit)
The blast of sand hits the orc but does no damage.
The orc barely misses you.
You hit the orc. You grab the orc.
The orc is moderately wounded.
You constrict the orc, but do no damage.
The orc closely misses you.
You hit the orc but do no damage.
The orc is moderately wounded.
You constrict the orc, but do no damage.
The orc misses you.
The orc hits you with a +1 flail of protection!
You die...

........#
.....##.##
... #...# .
#...# #...#
#.(.# #.oo#
##o## #@#
#.#
########.#
#........#
#........#
##........#
#.........#
#.#########
#.#


You could see 3 orcs.

Vanquished Creatures
  An orc wizard (D:3)
  6 ball pythons
  8 bats
  2 endoplasms
  A giant cockroach (D:1)
  3 goblins
  2 hobgoblins (D:1)
  4 jackals (D:1)
  A kobold (D:1)
  2 quokkas (D:1)
  A frilled lizard (D:1)
  3 rats (D:1)
34 creatures vanquished.

Notes
Turn   | Place    | Note
-------+----------+-------------------------------------------
     0 | D:1      | Sabo the Octopode Earth Elementalist began the quest for
                  | the Orb.
     0 | D:1      | Reached XP level 1. HP: 11/11 MP: 3/3
   128 | D:1      | Reached XP level 2. HP: 17/17 MP: 1/5
   351 | D:1      | Found a faded altar of an unknown god.
   410 | D:1      | Prayed at the altar of an unknown god.
   410 | D:1      | Became a worshipper of Dithmenos the Shadowed
   410 | D:1      | Reached * piety under Dithmenos
   927 | D:1      | Reached XP level 3. HP: 21/21 MP: 4/6
  1585 | D:2      | Found Fekhloh's Armour Shoppe.
  1932 | D:2      | Identified the +2 cloak of the Okapi {Str+5 Dex+2 Slay-4
                  | SInv}
  2363 | D:3      | Reached XP level 4. HP: 7/27 MP: 3/8
  2366 | D:3      | Slain by an orc

Illustrated notes

Levels and vault maps discovered:
D:1:      dpeg_arrival_boxorama, layout_basic,
          ebering_ecumenical_altar_sacrificial
D:2:      layout_basic, serial_shops, shop
D:3:      layout_basic

Skill      XL: |  1  2 |
---------------+-------+-----
Stealth        | 3 |  3.2
Fighting       | |  0.1
Dodging        | |  2.2
Spellcasting   | |  2.7
Transmutations | |  1.0
Earth Magic    | |  3.9

Action                   |  1- 3 |  4- 6 || total
-------------------------+-------+-------++-------
Melee: Constrict         |     4 |     1 ||     5
       Unarmed           |     1 |       ||     1
       Short sword       |     5 |       ||     5
       Tentacles         |     3 |       ||     3
       Quarterstaff      |     2 |     2 ||     4
       Mace              |     1 |       ||     1
 Cast: Sandblast         |    44 |     2 ||    46
  Use: Scroll            |     4 |       ||     4
Armor: Skin              |     1 |       ||     1
Dodge: Dodged            |    20 |     5 ||    25

Table legend: (Time is in decaauts)
 A = Elapsed time spent in this place.
 B = Non-inter-level travel time spent in this place.
 C = Inter-level travel time spent in this place.
 D = Time resting spent in this place.
 E = Time spent auto-exploring this place.
 F = Levels seen in this place.
 G = Mean time per level.
                   A        B        C        D        E       F      G
               +--------+--------+--------+--------+--------+-----+--------+
         Total |   2386 |   2386 |      0 |    400 |      0 |   3 |  795.3 |
       Dungeon |   2386 |   2386 |      0 |    400 |      0 |   3 |  795.3 |
               +--------+--------+--------+--------+--------+-----+--------+

Top non-repeatable levels by time:
     D:1: 1563 daAuts
     D:2: 659 daAuts
     D:3: 163 daAuts
